 Dungeon Crawl Stone Soup version 0.19.0-19-g8c6edcc (webtiles) character file.

14174 Millan the Blocker (level 12, -10/68 HPs)
             Began as a Gargoyle Gladiator on Nov 13, 2016.
             Was a Follower of Ru.
             Mangled by an orc high priest
             ... wielding a +0 battleaxe
              (16 damage)
             ... on level 1 of the Orcish Mines.
             The game lasted 00:26:43 (9510 turns).

Millan the Blocker (Gargoyle Gladiator)             Turns: 9510, Time: 00:26:43

Health: -10/68     AC: 33    Str: 29    XL:     12   Next: 13%
Magic:  12/12      EV:  9    Int:  4    God:    Ru [*.....]
Gold:   324        SH:  9    Dex: 12    Spells: 0 memorised, 11 levels left

rFire  + . .     SeeInvis .     z - +1 war axe (chop)
rCold  + . .     Gourm    .     M - +0 plate armour
rNeg   + + .     Faith    .     y - +2 buckler
rPois  ∞         Spirit   .     N - +2 hat
rElec  +         Reflect  .     i - +0 cloak
rCorr  .         Harm     +     C - +0 pair of gloves
MR     +++..                    O - +2 pair of boots
Stlth  ..........               r - amulet of Geweukups {Harm *Drain MR+ Int-4 Dex+2}
                                w - ring of Voethojev {rF+ rN+ MR+}
                                E - ring "Waogist" {rC+ MR+ Str+4 Stlth+}

@: no potions
A: slimy green scales 1, blurry vision 1, frail 1, negative energy resistance 1,
electricity resistance, wild magic 1, unbreathing, petrification resistance, rot
immunity, inability to drink while threatened, AC +8
a: Renounce Religion


You were on level 1 of the Orcish Mines.
You worshipped Ru.
Ru was aware of your devotion.
You were hungry.

You visited 3 branches of the dungeon, and saw 12 of its levels.

You collected 763 gold pieces.
You spent 439 gold pieces at shops.

Inventory:

Hand Weapons
 z - a +1 war axe of chopping (weapon)
Missiles
 d - 6 throwing nets (quivered)
Armour
 i - a +0 cloak (worn)
 y - a +2 buckler (worn)
 C - a +0 pair of gloves (worn)
 M - a +0 plate armour (worn)
 N - a +2 hat (worn)
 O - a +2 pair of boots (worn)
Jewellery
 c - an uncursed amulet of guardian spirit
 o - an uncursed ring of resist corrosion
 r - the amulet of Geweukups (around neck) {Harm *Drain MR+ Int-4 Dex+2}
   (You bought it in a shop on level 2 of the Orcish Mines)

   [amulet of harm]

   It increases damage dealt and taken.
   It affects your intelligence (-4).
   It affects your dexterity (+2).
   It affects your resistance to hostile enchantments.
   It causes draining when unequipped.
 t - a +4 ring of strength
 w - the ring of Voethojev (right hand) {rF+ rN+ MR+}
   (You found it on level 4 of the Dungeon)

   [ring of protection from magic]

   It protects you from fire.
   It protects you from negative energy.
   It affects your resistance to hostile enchantments.
 x - the ring of Miracles {Wiz *Drain rPois rF+ SInv}
   (You found it on level 9 of the Dungeon)

   [ring of wizardry]

   It improves your spell success rate.
   It protects you from fire.
   It protects you from poison.
   It lets you see invisible.
   It causes draining when unequipped.
 E - the ring "Waogist" (left hand) {rC+ MR+ Str+4 Stlth+}
   (You found it on level 4 of the Dungeon)

   [ring of stealth]

   It affects your strength (+4).
   It protects you from cold.
   It affects your resistance to hostile enchantments.
   It makes you more stealthy.
Wands
 l - a wand of digging (10/24)
 A - a wand of disintegration (13/24)
 G - a wand of polymorph (8/24)
 L - a wand of disintegration (11/24)
Scrolls
 a - 3 scrolls of blinking {unknown}
 b - 9 scrolls of identify {unknown}
 g - 5 scrolls of amnesia
 j - 2 scrolls of recharging
 k - 2 scrolls of fog {unknown}
 m - 4 scrolls of remove curse
 n - 2 scrolls of enchant weapon {unknown}
 p - 5 scrolls of teleportation {unknown}
 q - 2 scrolls of enchant armour {unknown}
 v - a scroll of immolation {unknown}
 I - a scroll of noise {unknown}
Potions
 e - a potion of curing
 h - 4 potions of agility
 s - a potion of heal wounds
 B - 2 potions of lignification {unknown}
 F - a potion of flight
 H - a potion of beneficial mutation {unknown}
 J - a potion of brilliance {unknown}
 P - a potion of haste
Books
 K - a book of Misfortune

   Spells                             Type                      Level
   a - Confusing Touch                Hexes                        1
   b - Confuse                        Hexes                        3
   c - Gell's Gravitas                Hexes/Translocation          3
   d - Petrify                        Transmutation/Earth          4
   e - Metabolic Englaciation         Hexes/Ice                    5
   f - Yara's Violent Unravelling     Hexes/Transmutation          5
Comestibles
 f - 9 bread rations
 u - 6 fruits


   Skills:
 + Level 9.1 Fighting
 * Level 10.6 Axes
 - Level 1.7 Throwing
 + Level 9.0 Armour
 - Level 2.5 Dodging
 * Level 11.6 Shields


You had 11 spell levels left.
You didn't know any spells.

Dungeon Overview and Level Annotations

Branches:
Dungeon (9/15)             Temple (1/1) D:6            Lair (0/6) D:8
    Orc (2/2) D:9
    Elf: Orc:2

Altars:
Ashenzari
Cheibriados
Dithmenos
Elyvilon
Fedhas
Gozag
Hepliaklqana
Kikubaaqudgha
Makhleb
Nemelex Xobeh
Okawaru
Qazlal
Ru
Sif Muna
Trog
Uskayaw
Vehumet
Xom
Yredelemnul
Zin
The Shining One

Shops:
Orc:1 !   Orc:2 !=!=


Innate Abilities, Weirdness & Mutations

You are resistant to torment.
Your stone body is resilient. (AC +8)
You are immune to poison.
You resist negative energy. (rN+)
You are resistant to electric shocks. (rElec)
You can survive without breathing.
You are immune to petrification.
You are immune to rotting.
You cannot drink potions while threatened.
You are partially covered in slimy green scales. (AC +2)
Scrolls take you a little longer to read.
You are frail. (-10% HP)
Your spells are a little harder to cast, but a little more powerful.


Message History

The orc high priest goes into a battle-frenzy!
You closely miss the orc high priest.
The orc high priest is severely wounded.
You slash the orc knight!
You redirect the orc high priest's attack!
The orc high priest completely misses you.
The orc knight hits you with a battleaxe of flaming!!
* * * LOW HITPOINT WARNING * * *
The orc knight burns you.
* * * LOW HITPOINT WARNING * * *
Okay, then.
That item cannot be evoked!
Evoke which item? (* to show all) (? for menu, Esc to quit)
Zapping:
G - a wand of polymorph {zapped: 2} (will waste charges)
Press: ? - help, Shift-Dir - straight line, f - orc knight
Aim: an orc knight, wielding a battleaxe of flaming and wearing a plate armour (moderately wounded, chance to defeat MR: 28%)
The orc knight easily resists.
Evoking this partially-identified wand wasted a few charges.
The orc high priest hits you with a battleaxe!
You die...

##............##...#.
##............##.....
##..........[))#......
#.............[......#
##..........[........#
##...................
#...................#
##..$†o.............##
#...)@)..............#
#...))o....#......)(.#
##........#....###....
#........##.....#..(..
##...#....##.#.##..(..
##............####....
#............## ##...
##.#.#........# ###.
#...#......#.## ##


You could see an orc knight and an orc high priest.

Vanquished Creatures
  3 ogre magi
  Erica (Orc:1)
  The ghost of Siegfriedson the Digger, a novice GrEE of Sif Muna (D:8)
  An orc sorcerer (Orc:1)
  A cyclops (D:8)
  Psyche (D:9)
  A hornet (D:9)
  A troll (D:9)
  Grinder (D:5)
  11 two-headed ogres
  A hippogriff (D:8)
  A spriggan (D:7)
  A hungry ghost (D:7)
  Menkaure (D:5)
  4 wargs
  A water moccasin (D:7)
  Duvessa (D:6)
  4 sky beasts
  A black bear (D:7)
  9 orc warriors
  19 ogres
  A phantom (D:7)
  5 centaurs
  A crocodile (D:8)
  3 bullfrogs
  2 gnoll sergeants
  Dowan (D:6)
  A scorpion (D:8)
  6 killer bees (D:9)
  7 crimson imps
  A bullfrog zombie (D:9)
  4 howler monkeys
  2 gnoll shamans
  2 hounds
  A centaur skeleton (D:9)
  4 jellies
  14 orc wizards
  3 orc priests
  3 iguanas
  3 worker ants
  A killer bee zombie (D:6)
  2 hound skeletons
  A hound zombie (D:7)
  4 adders
  22 gnolls
  3 shadow imps
  An adder skeleton (D:9)
  2 worms
  A dart slug (D:1)
  7 leopard geckos
  44 orcs
  5 bats
  4 giant cockroaches
  4 goblins
  4 hobgoblins
  2 jackals (D:2)
  9 kobolds
  6 quokkas
  A ball python skeleton (D:4)
  6 frilled lizards
  A leopard gecko skeleton (D:4)
  6 rats
265 creatures vanquished.

Vanquished Creatures (others)
  An orc (Orc:2)
  6 plants (D:8)
7 creatures vanquished.

Grand Total: 272 creatures vanquished

Notes
Turn   | Place    | Note
-------+----------+-------------------------------------------
     0 | D:1      | Millan the Gargoyle Gladiator began the quest for the Orb.
     0 | D:1      | Reached XP level 1. HP: 12/12 MP: 1/1
   284 | D:1      | Reached XP level 2. HP: 16/18 MP: 2/2
   599 | D:2      | Found a stormy altar of Qazlal.
   740 | D:2      | Found a deep blue altar of Sif Muna.
   771 | D:2      | Found a white marble altar of Elyvilon.
   805 | D:2      | Reached XP level 3. HP: 20/22 MP: 3/3
   854 | D:2      | Found a sparkling altar of Nemelex Xobeh.
  1381 | D:3      | Reached skill level 1 in Armour
  1519 | D:3      | Reached XP level 4. HP: 24/28 MP: 4/4
  1643 | D:3      | Reached XP level 5. HP: 30/32 MP: 5/5
  2165 | D:3      | Reached XP level 6. HP: 30/38 MP: 6/6
  2425 | D:4      | Found a shadowy altar of Dithmenos.
  2433 | D:4      | Got a warped bronze ring
  2435 | D:4      | Identified the ring of Voethojev {rF+ rN+ MR+} (You found it on level 4 of the Dungeon)
  2481 | D:4      | Got a sparkling brass ring
  2520 | D:4      | Reached skill level 1 in Shields
  2794 | D:4      | Noticed a sky beast
  2807 | D:4      | Killed a sky beast
  2807 | D:4      | Reached skill level 2 in Shields
  2807 | D:4      | Reached XP level 7. HP: 41/44 MP: 7/7
  3167 | D:4      | Found a radiant altar of Vehumet.
  3480 | D:4      | Reached skill level 3 in Shields
  3485 | D:4      | Reached skill level 5 in Axes
  3542 | D:5      | Entered Level 5 of the Dungeon
  3585 | D:5      | Gained mutation: You are frail. (-10% HP) [mutagenic meat]
  3586 | D:5      | Gained mutation: Your muscles are strong. (Str +2) [mutagenic meat]
  3587 | D:5      | Gained mutation: Your muscles are very strong. (Str +4) [mutagenic meat]
  3588 | D:5      | Gained mutation: You are very frail. (-20% HP) [mutagenic meat]
  3595 | D:5      | Gained mutation: You are partially covered in slimy green scales. (AC +2) [potion of mutation]
  3595 | D:5      | Lost mutation: You are very frail. (-20% HP) [potion of mutation]
  3595 | D:5      | Gained mutation: Your mind is acute. (Int +2) [potion of mutation]
  3674 | D:5      | Gained mutation: You possess an exceptional clarity of mind. [mutagenic meat]
  3675 | D:5      | Gained mutation: Your spells are a little harder to cast, but a little more powerful. [mutagenic meat]
  3676 | D:5      | Lost mutation: Your spells are a little harder to cast, but a little more powerful. [mutagenic meat]
  3677 | D:5      | Gained mutation: You passively map a small area around you. [mutagenic meat]
  3720 | D:5      | Reached skill level 4 in Shields
  3738 | D:5      | Reached XP level 8. HP: 43/43 MP: 8/8
  3988 | D:5      | Noticed Menkaure
  3992 | D:5      | Killed Menkaure
  3992 | D:5      | Reached skill level 5 in Fighting
  4216 | D:5      | Noticed Grinder
  4230 | D:5      | Killed Grinder
  4230 | D:5      | Reached skill level 5 in Armour
  4230 | D:5      | Reached skill level 5 in Shields
  4376 | D:6      | Found a staircase to the Ecumenical Temple.
  4500 | Temple   | Entered the Ecumenical Temple
  4625 | D:6      | Noticed a hand axe
  4626 | D:6      | Found a hide-covered altar of Uskayaw.
  4626 | D:6      | Noticed a hand axe
  4750 | D:6      | Noticed Dowan
  4751 | D:6      | Noticed Duvessa
  4759 | D:6      | Killed Duvessa
  4759 | D:6      | Reached XP level 9. HP: 49/49 MP: 9/9
  4764 | D:6      | Killed Dowan
  4764 | D:6      | Reached skill level 6 in Shields
  4981 | D:6      | Found a bloodstained altar of Trog.
  5042 | D:6      | Found a shattered altar of Ashenzari.
  5370 | D:7      | Reached skill level 7 in Shields
  6179 | D:8      | Noticed Siegfriedson's ghost (novice GrEE)
  6183 | D:8      | Lost mutation: You passively map a small area around you. [potion of cure mutation]
  6183 | D:8      | Lost mutation: Your muscles are very strong. (Str +4) [potion of cure mutation]
  6183 | D:8      | Lost mutation: Your muscles are strong. (Str +2) [potion of cure mutation]
  6183 | D:8      | Lost mutation: You possess an exceptional clarity of mind. [potion of cure mutation]
  6197 | D:8      | Killed Siegfriedson's ghost
  6197 | D:8      | Reached skill level 8 in Shields
  6197 | D:8      | Reached XP level 10. HP: 43/54 MP: 10/10
  6339 | D:8      | Noticed a cyclops
  6354 | D:8      | Killed a cyclops
  6948 | D:8      | Found a staircase to the Lair.
  7051 | D:9      | Reached skill level 9 in Shields
  7060 | D:9      | Found a staircase to the Orcish Mines.
  7089 | D:9      | Noticed Psyche
  7099 | D:9      | Found an iron altar of Okawaru.
  7208 | D:9      | Killed Psyche
  7318 | D:9      | Gained mutation: Your spells are a little harder to cast, but a little more powerful. [potion of mutation]
  7318 | D:9      | Lost mutation: Your mind is acute. (Int +2) [potion of mutation]
  7318 | D:9      | Gained mutation: Scrolls take you a little longer to read. [potion of mutation]
  7408 | D:9      | Found a snail-covered altar of Cheibriados.
  7423 | D:9      | Found a sacrificial altar of Ru.
  7444 | D:9      | Became a worshipper of Ru the Awakened
  7592 | D:9      | Reached XP level 11. HP: 57/61 MP: 11/11
  7665 | D:9      | Got a vibrating copper ring
  7756 | D:9      | Identified the ring of Miracles {Wiz *Drain rPois rF+ SInv} (You found it on level 9 of the Dungeon)
  7758 | D:9      | Identified the ring "Waogist" {rC+ MR+ Str+4 Stlth+} (You found it on level 4 of the Dungeon)
  7889 | Orc:1    | Entered Level 1 of the Orcish Mines
  7905 | Orc:1    | Reached skill level 10 in Shields
  8194 | Orc:2    | Entered Level 2 of the Orcish Mines
  8203 | Orc:2    | Noticed an ogre mage
  8211 | Orc:2    | Noticed an ogre mage
  8212 | Orc:2    | Noticed an ogre mage
  8372 | Orc:1    | Noticed Erica
  8376 | Orc:1    | Killed an ogre mage
  8380 | Orc:1    | Killed Erica
  8486 | Orc:1    | Found Viyclu's Distillery.
  8551 | Orc:2    | Noticed an ogre mage
  8566 | Orc:2    | Killed an ogre mage
  8566 | Orc:2    | Reached skill level 10 in Axes
  8891 | Orc:2    | Reached skill level 11 in Shields
  9276 | Orc:2    | Found Beatyeh's Jewellery Shop.
  9276 | Orc:2    | Found Fimpabb's Distillery.
  9277 | Orc:2    | Found Duogik's Jewellery Shoppe.
  9277 | Orc:2    | Found Sateeq's Distillery.
  9284 | Orc:2    | Bought the amulet of Geweukups {Harm *Drain MR+ Int-4 Dex+2} for 384 gold pieces
  9291 | Orc:2    | Bought a potion of heal wounds for 55 gold pieces
  9326 | Orc:2    | Noticed an orc knight
  9331 | Orc:2    | Noticed an orc sorcerer
  9331 | Orc:2    | Noticed an orc high priest
  9342 | Orc:2    | Noticed a sixfirhy
  9342 | Orc:2    | Noticed an orc sorcerer
  9366 | Orc:1    | Killed an ogre mage
  9366 | Orc:1    | Reached XP level 12. HP: 41/68 MP: 12/12
  9368 | Orc:1    | Gained mutation: You cannot drink potions while threatened. [Ru sacrifice]
  9368 | Orc:1    | Reached * piety under Ru
  9510 | Orc:1    | Mangled by an orc high priest

Skill      XL: |  1  2  3  4  5  6  7  8  9 10 11 12 |
---------------+-------------------------------------+-----
Axes           | 3 4 5 6 8 9 10 | 10.6
Armour         | 1 2 3 4 5 6 7 8 9 |  9.0
Fighting       | 3 4 5 6 7 9 |  9.1
Shields        | 2 4 5 8 9 11 | 11.6
Throwing       | |  1.7
Dodging        | |  2.5

Action                   |  1- 3 |  4- 6 |  7- 9 | 10-12 || total
-------------------------+-------+-------+-------+-------++-------
Melee: War axe           |   103 |   166 |   263 |   373 ||   905
Invok: Sacrifice Drink   |       |       |       |     1 ||     1
Evoke: Wand              |       |       |       |     1 ||     1
  Use: Scroll            |     2 |       |     1 |       ||     3
       Potion            |       |       |     8 |     5 ||    13
  Eat: Chunk             |     1 |     5 |    12 |     8 ||    26
       Fruit             |     1 |       |     1 |       ||     2
       Meat ration       |       |       |     1 |       ||     1
       Bread ration      |       |       |     2 |       ||     2
       Beef jerky        |       |       |       |     1 ||     1
Armor: Ring mail         |    44 |       |       |       ||    44
       Leather armour    |     5 |       |       |       ||     5
       Chain mail        |    23 |   116 |   197 |     3 ||   339
       Plate armour      |       |       |       |   320 ||   320
Dodge: Dodged            |    71 |    76 |   124 |   193 ||   464
Block: Buckler           |       |    30 |    96 |   188 ||   314
